[ AOE2 MATCH · #476902307 ]
Team RMTurks vs Khmer
[ REPLAY ANALYSIS · EXTRACTED FROM THE RECORDED GAME ]
Feudal
—
Castle
—
Imperial
—
| APM avg | 13.8 |
| APM peak | 22 |
| eAPM avg | 6.7 |
| Villagers / military | 20 / 0 |
Focus
⚔️ 9.1% · 🌾 90.9%
Feudal
—
Castle
—
Imperial
—
| APM avg | 14.0 |
| APM peak | 29 |
| eAPM avg | 8.1 |
| Villagers / military | 24 / 0 |
Focus
⚔️ 4.9% · 🌾 95.1%
Feudal
—
Castle
—
Imperial
—
| APM avg | 20.5 |
| APM peak | 34 |
| eAPM avg | 9.7 |
| Villagers / military | 19 / 0 |
Focus
⚔️ 11.7% · 🌾 88.3%
Feudal
—
Castle
—
Imperial
—
| APM avg | 36.4 |
| APM peak | 59 |
| eAPM avg | 12.0 |
| Villagers / military | 24 / 0 |
Focus
⚔️ 15.3% · 🌾 84.7%
Feudal
—
Castle
—
Imperial
—
| APM avg | 24.7 |
| APM peak | 38 |
| eAPM avg | 13.0 |
| Villagers / military | 23 / 0 |
Focus
⚔️ 14.8% · 🌾 85.2%
Feudal
—
Castle
—
Imperial
—
| APM avg | 29.7 |
| APM peak | 47 |
| eAPM avg | 16.2 |
| Villagers / military | 18 / 0 |
Focus
⚔️ 2.2% · 🌾 97.8%
Feudal
—
Castle
—
Imperial
—
| APM avg | 17.7 |
| APM peak | 29 |
| eAPM avg | 7.3 |
| Villagers / military | 20 / 0 |
Focus
⚔️ 14.3% · 🌾 85.7%
Feudal
—
Castle
—
Imperial
—
| APM avg | 26.3 |
| APM peak | 51 |
| eAPM avg | 12.3 |
| Villagers / military | 24 / 0 |
Focus
⚔️ 17.2% · 🌾 82.8%
Match map
Initial resources + every placement click. Lines = walls · curves = elevation contours. ◆ gold · ⬟ stone · ● berries · ✦ relic · ◌ wall gap
Your base
JEAN POUL's base
alancazu's base
kirikou's base
Gripe A's base
JeremBDS's base
jochinmiriosbarrios's base
Stellias's base
Smoothed initial terrain · ◌ = detected wall gap · hover for details
Inputs per minute
— Monkey - - JEAN POUL
Build order — Monkey
23 actions detected in the replay
| 0:05 | Create | Villager (Male) ×4 |
| 0:13 | Build | House |
| 0:14 | Build | House |
| 1:17 | Research | Loom |
| 1:18 | Create | Villager (Male) |
| 1:52 | Create | Villager (Male) |
| 1:53 | Create | Villager (Male) |
| 2:26 | Create | Villager (Male) |
| 3:03 | Build | Lumber Camp |
| 3:52 | Create | Villager (Male) |
| 3:52 | Create | Villager (Male) |
| 3:52 | Create | Villager (Male) |
| 5:18 | Create | Villager (Male) |
| 5:18 | Create | Villager (Male) |
| 5:19 | Create | Villager (Male) |
| 5:19 | Create | Villager (Male) |
| 6:02 | Build | Palisade Wall |
| 6:08 | Create | Villager (Male) |
| 6:08 | Create | Villager (Male) |
| 7:05 | Build | House |
| 7:10 | Create | Villager (Male) |
| 7:11 | Create | Villager (Male) |
| 7:11 | Create | Villager (Male) |
Build order — JEAN POUL
31 actions detected in the replay
| 0:01 | Create | Villager (Male) |
| 0:02 | Create | Villager (Male) |
| 0:02 | Create | Villager (Male) |
| 0:02 | Create | Villager (Male) |
| 0:03 | Create | Villager (Male) |
| 0:04 | Build | House |
| 0:06 | Build | House |
| 0:22 | Research | Loom |
| 1:13 | Build | Palisade Wall |
| 1:50 | Create | Villager (Male) |
| 2:36 | Create | Villager (Male) |
| 2:37 | Create | Villager (Male) |
| 2:37 | Create | Villager (Male) |
| 2:50 | Build | Palisade Wall |
| 3:11 | Create | Villager (Male) |
| 3:11 | Create | Villager (Male) |
| 4:04 | Build | House |
| 5:02 | Create | Villager (Male) |
| 5:02 | Create | Villager (Male) |
| 5:02 | Create | Villager (Male) |
| 5:02 | Create | Villager (Male) |
| 5:03 | Create | Villager (Male) |
| 6:12 | Create | Villager (Male) |
| 6:12 | Create | Villager (Male) |
| 6:12 | Create | Villager (Male) |
| 6:12 | Create | Villager (Male) |
| 6:13 | Create | Villager (Male) |
| 7:08 | Create | Villager (Male) |
| 7:08 | Create | Villager (Male) |
| 7:08 | Create | Villager (Male) |
| 7:48 | Build | Lumber Camp |
Build order — alancazu
25 actions detected in the replay
| 0:05 | Research | Loom |
| 0:05 | Create | Villager (Male) |
| 0:05 | Create | Villager (Male) |
| 0:06 | Create | Villager (Male) |
| 0:06 | Create | Villager (Male) |
| 0:15 | Build | House |
| 0:16 | Build | House |
| 0:17 | Build | House |
| 0:22 | Build | Mill |
| 2:14 | Create | Villager (Male) |
| 2:14 | Create | Villager (Male) |
| 2:41 | Create | Villager (Male) |
| 2:41 | Create | Villager (Male) |
| 3:08 | Create | Villager (Male) |
| 3:31 | Create | Villager (Male) |
| 3:53 | Create | Villager (Male) |
| 4:10 | Create | Villager (Male) |
| 4:31 | Create | Villager (Male) |
| 5:47 | Create | Villager (Male) |
| 5:47 | Create | Villager (Male) |
| 5:48 | Create | Villager (Male) |
| 6:42 | Create | Villager (Male) |
| 6:43 | Create | Villager (Male) |
| 6:43 | Create | Villager (Male) |
| 7:08 | Build | Lumber Camp |
Build order — kirikou
35 actions detected in the replay
| 0:01 | Create | Villager (Male) |
| 0:02 | Create | Villager (Male) |
| 0:02 | Create | Villager (Male) |
| 0:03 | Build | House |
| 0:04 | Build | House |
| 0:17 | Create | Villager (Male) |
| 0:19 | Research | Loom |
| 0:20 | Create | Villager (Male) |
| 0:20 | Create | Villager (Male) |
| 0:20 | Create | Villager (Male) |
| 0:20 | Create | Villager (Male) |
| 1:00 | Build | Palisade Wall |
| 1:50 | Create | Villager (Male) |
| 1:50 | Create | Villager (Male) |
| 2:29 | Create | Villager (Male) |
| 2:41 | Build | Lumber Camp |
| 2:47 | Create | Villager (Male) |
| 3:23 | Create | Villager (Male) |
| 3:24 | Create | Villager (Male) |
| 3:55 | Create | Villager (Male) |
| 4:41 | Create | Villager (Male) |
| 4:42 | Create | Villager (Male) |
| 4:51 | Build | Palisade Wall |
| 4:53 | Create | Villager (Male) |
| 4:53 | Create | Villager (Male) |
| 5:34 | Build | House |
| 6:14 | Build | Palisade Wall |
| 6:18 | Build | House |
| 6:52 | Build | Mill |
| 6:55 | Create | Villager (Male) |
| 6:55 | Create | Villager (Male) |
| 6:56 | Create | Villager (Male) |
| 6:56 | Create | Villager (Male) |
| 6:56 | Create | Villager (Male) |
| 7:53 | Build | Barracks |
Build order — Gripe A
34 actions detected in the replay
| 0:02 | Create | Villager (Male) |
| 0:02 | Create | Villager (Male) |
| 0:03 | Build | House |
| 0:04 | Build | House |
| 0:18 | Create | Villager (Male) |
| 0:18 | Create | Villager (Male) |
| 1:35 | Create | Villager (Male) |
| 1:35 | Create | Villager (Male) |
| 2:07 | Research | Loom |
| 2:07 | Create | Villager (Male) |
| 2:22 | Create | Villager (Male) |
| 2:22 | Create | Villager (Male) |
| 3:00 | Create | Villager (Male) |
| 3:00 | Create | Villager (Male) |
| 3:17 | Create | Villager (Male) |
| 3:17 | Create | Villager (Male) |
| 3:49 | Create | Villager (Male) |
| 4:14 | Build | Palisade Gate |
| 4:21 | Build | Palisade Gate |
| 4:29 | Create | Villager (Male) |
| 4:52 | Create | Villager (Male) |
| 5:21 | Create | Villager (Male) |
| 5:22 | Create | Villager (Male) |
| 6:17 | Build | Palisade Gate |
| 6:18 | Build | Palisade Gate |
| 6:21 | Build | Palisade Wall |
| 6:22 | Create | Villager (Male) |
| 6:23 | Create | Villager (Male) |
| 6:23 | Create | Villager (Male) |
| 6:40 | Build | Palisade Wall |
| 6:54 | Build | House |
| 7:06 | Build | Mill |
| 7:08 | Create | Villager (Male) |
| 7:08 | Create | Villager (Male) |
Build order — JeremBDS
27 actions detected in the replay
| 0:03 | Build | House |
| 0:04 | Build | House |
| 0:05 | Create | Villager (Male) |
| 0:05 | Create | Villager (Male) |
| 0:05 | Create | Villager (Male) |
| 0:06 | Create | Villager (Male) |
| 0:06 | Create | Villager (Male) |
| 1:37 | Create | Villager (Male) |
| 1:51 | Build | Lumber Camp |
| 1:54 | Create | Villager (Male) |
| 2:38 | Create | Villager (Male) |
| 2:45 | Research | Loom |
| 2:50 | Create | Villager (Male) |
| 2:51 | Research | Loom |
| 2:52 | Create | Villager (Male) |
| 3:30 | Create | Villager (Male) |
| 3:33 | Build | House |
| 4:30 | Create | Villager (Male) |
| 4:47 | Build | Mill |
| 5:16 | Create | Villager (Male) |
| 5:34 | Create | Villager (Male) |
| 5:34 | Create | Villager (Male) |
| 6:40 | Create | Villager (Male) |
| 6:41 | Create | Villager (Male) |
| 7:17 | Build | Lumber Camp |
| 7:19 | Create | Villager (Male) |
| 7:39 | Build | House |
Build order — jochinmiriosbarrios
30 actions detected in the replay
| 0:03 | Research | Loom |
| 0:03 | Create | Villager (Male) |
| 0:03 | Create | Villager (Male) |
| 0:04 | Create | Villager (Male) |
| 0:04 | Create | Villager (Male) |
| 0:04 | Create | Villager (Male) |
| 0:05 | Create | Villager (Male) |
| 0:07 | Build | House |
| 0:50 | Build | House |
| 1:22 | Build | House |
| 1:27 | Build | House |
| 1:38 | Build | Palisade Gate |
| 2:20 | Build | Palisade Gate |
| 2:23 | Create | Villager (Male) |
| 2:38 | Build | Lumber Camp |
| 2:50 | Build | Palisade Wall |
| 2:54 | Build | Palisade Wall |
| 3:06 | Create | Villager (Male) |
| 4:05 | Create | Villager (Male) |
| 4:06 | Create | Villager (Male) |
| 4:06 | Create | Villager (Male) |
| 4:33 | Create | Villager (Male) |
| 4:33 | Create | Villager (Male) |
| 4:58 | Create | Villager (Male) |
| 4:59 | Create | Villager (Male) |
| 5:21 | Create | Villager (Male) |
| 5:21 | Create | Villager (Male) |
| 5:21 | Create | Villager (Male) |
| 6:20 | Create | Villager (Male) |
| 6:21 | Create | Villager (Male) |
Build order — Stellias
36 actions detected in the replay
| 0:09 | Build | House |
| 0:10 | Build | House |
| 0:14 | Create | Villager (Male) |
| 0:14 | Create | Villager (Male) |
| 0:14 | Create | Villager (Male) |
| 0:15 | Create | Villager (Male) |
| 0:15 | Create | Villager (Male) |
| 0:40 | Research | Loom |
| 0:41 | Create | Villager (Male) |
| 0:41 | Create | Villager (Male) |
| 0:41 | Create | Villager (Male) |
| 0:42 | Create | Villager (Male) |
| 1:02 | Build | Palisade Wall |
| 2:04 | Build | Palisade Wall |
| 2:07 | Build | Palisade Wall |
| 2:09 | Build | Palisade Wall |
| 2:26 | Build | Palisade Wall |
| 2:54 | Create | Villager (Male) |
| 2:55 | Create | Villager (Male) |
| 2:55 | Create | Villager (Male) |
| 3:31 | Build | Palisade Wall |
| 3:47 | Build | Lumber Camp |
| 4:04 | Create | Villager (Male) |
| 4:04 | Create | Villager (Male) |
| 4:04 | Create | Villager (Male) |
| 4:44 | Create | Villager (Male) |
| 4:45 | Create | Villager (Male) |
| 5:32 | Build | Palisade Wall |
| 5:38 | Create | Villager (Male) |
| 5:38 | Create | Villager (Male) |
| 5:38 | Create | Villager (Male) |
| 6:49 | Build | Mill |
| 7:26 | Create | Villager (Male) |
| 7:27 | Create | Villager (Male) |
| 7:27 | Create | Villager (Male) |
| 7:27 | Create | Villager (Male) |
Match timeline
| 1:00 | kirikou · wall_segment Palisade Wall x10 |
| 1:02 | Stellias · wall_segment Palisade Wall x5 |
| 1:13 | JEAN POUL · wall_segment Palisade Wall x12 |
| 2:04 | Stellias · wall_segment Palisade Wall x2 |
| 2:07 | Stellias · wall_segment Palisade Wall x4 |
| 2:09 | Stellias · wall_segment Palisade Wall x3 |
| 2:26 | Stellias · wall_segment Palisade Wall x1 |
| 2:50 | JEAN POUL · wall_segment Palisade Wall x10 |
| 2:50 | jochinmiriosbarrios · wall_segment Palisade Wall x1 |
| 2:54 | jochinmiriosbarrios · wall_segment Palisade Wall x1 |
| 3:31 | Stellias · wall_segment Palisade Wall x2 |
| 4:51 | kirikou · wall_segment Palisade Wall x7 |
| 5:32 | Stellias · wall_segment Palisade Wall x6 |
| 6:02 | Monkey · wall_segment Palisade Wall x12 |
| 6:14 | kirikou · wall_segment Palisade Wall x1 |
| 6:21 | Gripe A · wall_segment Palisade Wall x4 |
| 6:40 | Gripe A · wall_segment Palisade Wall x1 |
| 7:15 | alancazu · resign |
| 7:53 | kirikou · first_building Barracks |
[ AI ANALYSIS · 1 CREDIT ]
What really happened in this match?
Wolo.gg analyzes every decision: build order, eco, micro, common mistakes by bracket. Personalized analysis on WhatsApp or Discord in 30 seconds.
Civ guide
Turks
Map guide
Black Forest
Perfil
Jugador #6477821